Map: Fields of Death

Players

MattBarry - Winner!

  • Race: Terran Terran
  • Spawn Location: 12:00

MattBarry - Winner!

  • Race: Zerg Zerg
  • Spawn Location: 12:00

Sterling

  • Race: Protoss Protoss
  • Spawn Location: 6:00

Chameleon

  • Race: Terran Terran
  • Spawn Location: 7:00

VOD

Have the link to the VOD?

Description

Time

  • Played on: Dec. 22, 2022, 6:43 p.m.
  • Length: 38:33
Show
View Real Time Build Order
Export as new Build Order

MattBarry Terran - Winner!

Build Orders: 2 Factory 

Get SALT Encoding   

  12  0:00  SCV  
  13  0:12  SCV  
  14  0:18  Supply Depot  
  14  0:24  SCV  
  15  0:40  SCV  
  15  0:42  Barracks  
  16  0:46  Refinery  
  16  0:52  SCV  
  17  1:04  SCV  
  18  1:16  SCV  
  19  1:28  Orbital Command  
  19  1:30  Marine  
  20  1:43  Command Center  
  20  1:48  Marine  
  21  1:55  Supply Depot  
  21  1:56  SCV  
  22  2:06  Barracks Reactor  
  22  2:15  SCV  
  23  2:18  Factory  
  23  2:27  SCV  
  24  2:39  SCV  
  24  2:42  Refinery  
  24  2:43  Marine x2  
  27  2:47  Supply Depot  
  27  2:51  SCV  
  27  2:57  Orbital Command  
  28  3:03  SCV  
  29  3:11  Hellion  
  29  3:12  Hellion  
  33  3:13  Factory  
  33  3:15  Barracks Tech Lab  
  33  3:21  SCV  
  33  3:23  SCV  
  35  3:33  Armory, Hellion x2  
  39  3:35  SCV x2  
  42  3:48  SCV x2  
  42  3:53  Supply Depot  
  43  3:56  Widow Mine x2  
  43  4:00  Starport  
  47  4:06  SCV x2  
  49  4:10  Refinery  
  49  4:13  Barracks Reactor  
  49  4:19  SCV x2  
  49  4:21  Siege Tank  
  49  4:22  Hellion x2  
  58  4:31  SCV x2  
  60  4:38  Supply Depot  
  60  4:39  Supply Depot, Terran Vehicle Weapons Level 1  
  60  4:48  SCV x2  
  62  5:12  Hellion x2  
  72  5:15  Viking x2  
  72  5:20  Engineering Bay  
  70  5:29  Refinery  
  70  5:33  Thor  
  76  5:41  SCV x2  
  78  6:31  Starport  
  78  6:36  Barracks Reactor  
  78  6:39  Supply Depot  
  78  6:43  Supply Depot  
  78  6:44  Supply Depot  
  78  7:00  Thor, SCV x2  
  86  7:06  Command Center  
  86  7:13  SCV x2  
  88  7:25  SCV  
  89  7:33  Hellion x2  
  93  7:40  Supply Depot  
  93  7:43  Thor  
  99  7:48  Viking x2  
  103  7:52  SCV x2  
  105  8:04  SCV x2  
  107  8:16  SCV x2  
  113  8:20  Widow Mine x2  
  113  8:22  Factory x2  
  113  8:25  Viking x2  
  113  8:26  Orbital Command, Thor  
  123  8:36  Supply Depot x2  
  123  8:37  Supply Depot  
  123  8:45  SCV  
  123  8:46  SCV  
  125  8:51  Refinery  
  125  8:55  Refinery  
  125  8:57  Terran Vehicle Weapons Level 2  
  125  8:58  SCV x2  
  125  9:00  Viking x2  
  131  9:06  Factory Tech Lab x2  
  131  9:08  Infernal Pre-Igniter  
  129  9:10  SCV  
  118  9:26  Siege Tank  
  118  9:27  Siege Tank x2  
  125  9:37  Viking  
  125  9:38  Viking  
  129  9:41  Hellion x2  
  131  9:59  Siege Tank x3  
  140  10:08  SCV x3  
  140  10:11  Viking x2  
  147  10:20  SCV  
  148  10:31  Siege Tank x3  
  157  10:45  Viking  
  157  10:48  Viking  
  153  11:20  Hellion x2  
  157  11:26  Supply Depot  
  157  11:27  Supply Depot  
  157  11:28  Supply Depot  
  157  11:43  Thor x2  
  157  11:44  Thor, Hellion x2  
  179  11:47  Supply Depot  
  179  11:48  Command Center  
  179  11:49  Supply Depot, Terran Vehicle Weapons Level 3  
  177  12:20  Hellion x2  
  181  12:26  Thor x2  
  181  12:27  Thor  
  199  13:07  Command Center  
  197  13:56  Viking  
  193  14:12  Viking  
  195  14:26  Viking  
  190  14:40  Thor x2  
  190  14:42  Viking  
  198  14:52  Terran Vehicle And Ship Armor Level 1  
  198  14:56  Armory, Viking  
  200  15:01  Starport  
  200  15:04  Starport, Refinery  
  200  15:07  Refinery  
  198  15:47  Viking  
  198  16:14  Viking  
  183  16:39  Thor x3  
  108  16:55  Hellion x2  
  108  17:22  Thor x3  
  120  17:37  Viking x2  
  124  17:52  Orbital Command  
  124  17:57  Orbital Command  
  124  17:58  Engineering Bay  
  124  18:03  Hellion x2  
  124  18:05  Thor x3  
  140  18:07  Viking x2  
  150  18:26  Terran Vehicle And Ship Armor Level 2  
  150  18:27  Terran Ship Weapons Level 1  
  148  18:37  Viking x2  
  148  18:39  Starport Reactor  
  148  18:40  Starport Reactor  
  152  18:48  Thor x3  
  164  18:52  Hellion x2  
  174  19:07  Viking x2  
  178  19:16  Viking x4  
  186  19:31  Thor x3  
  188  19:37  Viking x2  
  174  20:07  Viking x3  
  174  20:08  Viking x3  
  174  20:13  Thor x2  
  188  20:44  Thor  
  188  20:45  Hellion x2  
  188  20:46  Viking  
  180  21:06  Thor x2  
  152  21:27  Thor  
  130  21:48  Viking x6  
  130  21:49  Thor x2  
  130  21:51  Hellion x2  
  158  22:09  Thor  
  158  22:12  Hellion  
  166  22:18  Viking x5  
  166  22:31  Thor  
  170  22:40  Thor  
  176  22:46  Refinery  
  176  22:48  Refinery  
  176  23:00  Command Center  
  176  23:09  Viking  
  176  23:10  Viking x3  
  181  23:23  Thor  
  187  23:45  Thor x2  
  197  24:23  Viking x6  
  148  25:41  Barracks  
  148  25:49  Engineering Bay  
  70  26:54  Factory  
  70  26:59  Factory  
  70  27:00  Factory  
  70  27:35  Factory  
  70  27:37  Factory  
  70  27:38  Factory Tech Lab  
  70  27:40  Starport  
  70  27:47  Orbital Command  
  70  27:50  Factory Tech Lab  
  70  27:52  Factory Tech Lab  
  70  28:02  Armory  
  68  28:22  Widow Mine, Siege Tank x2  
  68  28:23  Factory Tech Lab  
  79  28:32  Siege Tank  
  79  28:44  Siege Tank  
  82  28:50  Factory Tech Lab  
  82  28:54  Siege Tank x2  
  88  28:56  Viking  
  90  29:03  Factory  
  90  29:06  Factory, Terran Vehicle And Ship Armor Level 3  
  93  29:14  Siege Tank  
  93  29:16  Siege Tank  
  99  29:26  Starport Reactor, Thor x2  
  111  29:43  Refinery  
  111  29:48  Factory Tech Lab  
  111  29:52  Refinery  
  111  30:00  Thor  
  113  30:14  Thor  
  115  31:00  Supply Depot  
  115  31:01  Supply Depot  
  115  31:02  Supply Depot  
  115  31:06  Supply Depot, Thor  
  115  31:07  Thor x3  
  135  31:49  Thor x2  
  135  31:50  Thor x2  
  120  32:32  Thor x2  
  120  32:33  Thor  
  96  33:25  Siege Tank x3  
  96  33:26  Siege Tank  
  108  33:28  Viking x2  
  112  33:41  Refinery  
  112  33:57  Siege Tank x3  
  112  33:58  Siege Tank  
  124  34:11  Viking x2  
  128  34:35  Orbital Command  
  128  35:04  Thor x2  
  128  35:05  Thor  
  146  35:28  Thor  
  152  35:43  Refinery  
  152  35:44  Refinery  
  119  36:37  Viking x2  
  123  36:49  Orbital Command, Thor x3  
  129  37:15  Thor  
  129  37:19  Siege Tank  
  129  37:20  SCV  
  136  37:32  Thor  
Show
View Real Time Build Order
Export as new Build Order

MattBarry Zerg - Winner!

Build Orders: Pool First 

Get SALT Encoding   

  12  0:00  Drone  
  13  0:11  Drone  
  14  0:18  Overlord  
  14  0:31  Extractor  
  14  0:34  Drone  
  14  0:47  Spawning Pool  
  13  0:59  Drone  
  13  1:00  Drone x2  
  16  1:15  Drone  
  17  1:29  Drone  
  18  1:34  Queen  
  20  1:54  Hatchery  
  19  2:03  Metabolic Boost  
  19  2:09  Queen  
  19  2:10  Drone  
  19  2:15  Overlord  
  22  2:40  Hatchery  
  21  3:00  Extractor  
  20  3:09  Queen  
  20  3:11  Zergling x2  
  24  3:20  Zergling x6  
  24  3:21  Zergling x4, Drone  
  29  3:31  Evolution Chamber  
  28  3:35  Evolution Chamber  
  27  3:59  Queen  
  27  4:01  Drone  
  30  4:18  Lair  
  30  4:46  Baneling Nest  
  30  4:48  Zerg Melee Weapons Level 1  
  29  4:54  Zerg Ground Armor Level 1  
  29  5:01  Drone  
  28  5:15  Overlord  
  28  5:22  Spore Crawler  
  27  5:40  Queen  
  29  5:45  Drone  
  29  5:48  Drone  
  31  6:05  Queen  
  33  6:26  Spore Crawler  
  31  6:49  Overlord x2  
  31  6:59  Overlord x2  
  31  7:00  Overlord  
  31  7:18  Spore Crawler  
  30  7:24  Drone x3  
  33  7:53  Hydralisk Den  
  33  7:56  Zerg Missile Weapons Level 1, Hydralisk Den  
  31  8:05  Centrifugal Hooks  
  31  8:10  Drone  
  32  8:13  Drone  
  33  8:29  Drone x3  
  33  8:30  Drone  
  37  8:35  Drone x2  
  37  8:39  Drone  
  37  8:41  Drone  
  37  9:22  Zergling x4  
  37  9:23  Zergling x4  
  41  9:25  Hydralisk x4  
  41  9:26  Hydralisk  
  41  9:28  Hydralisk  
  53  9:32  Grooved Spines  
  53  9:38  Zergling x10  
  43  10:30  Hatchery  
  43  10:33  Zergling x2  
  43  10:34  Zergling x22  
  32  11:16  Drone x6  
  38  11:35  Hatchery  
  37  12:06  Zergling x2  
  37  12:07  Hydralisk x2, Zergling x8  
  37  12:08  Hydralisk  
  48  12:15  Queen  
  50  12:25  Hydralisk  
  50  12:26  Hydralisk  
  54  12:41  Extractor  
  54  12:42  Extractor  
  52  12:47  Queen  
  52  12:51  Queen  
  56  13:41  Drone x2  
  56  13:42  Drone  
  56  13:43  Hydralisk, Drone  
  56  13:44  Hydralisk x3  
  56  13:45  Overlord x2  
  56  13:46  Overlord  
  68  13:50  Muscular Augments  
  68  13:55  Hatchery  
  67  14:07  Zergling x8  
  71  14:20  Infestation Pit  
  70  14:35  Evolution Chamber  
  69  15:13  Hive  
  69  15:15  Zerg Missile Weapons Level 2  
  69  15:17  Zerg Melee Weapons Level 2  
  69  15:28  Hatchery  
  68  15:38  Zergling x2  
  68  15:39  Zergling x10  
  70  16:12  Zergling x10  
  70  16:13  Zergling x8  
  60  16:50  Zergling x2  
  60  16:51  Zergling x20  
  66  17:16  Zergling x16  
  66  17:17  Zergling x50  
  93  17:27  Hydralisk x6  
  94  17:53  Drone  
  94  17:54  Drone x6  
  94  17:55  Queen, Drone  
  102  18:09  Hydralisk x4  
  102  18:11  Overlord x4  
  102  18:12  Overlord  
  110  18:19  Zerg Missile Weapons Level 3  
  110  18:22  Zerg Melee Weapons Level 3  
  110  18:31  Queen  
  112  18:37  Adrenal Glands  
  112  18:54  Drone x6  
  118  18:56  Overlord x2  
  118  19:26  Extractor  
  118  19:28  Extractor  
  118  19:29  Zergling x6  
  118  19:30  Zergling x2  
  120  19:57  Nydus Network  
  88  20:33  Zergling x2  
  88  20:35  Zergling x2  
  77  20:36  Zergling x50  
  77  20:37  Zergling x16  
  69  21:21  Zergling x2  
  69  21:22  Zergling x28  
  66  21:38  Zergling x10  
  61  21:49  Zergling x2  
  61  21:50  Zergling x8  
  53  22:07  Zergling x16  
  56  22:16  Zergling x2  
  56  22:17  Zergling x18  
  63  22:36  Zergling x2  
  56  22:37  Zergling x10  
  60  23:01  Zergling x2  
  60  23:02  Zergling x22  
  72  23:19  Overlord  
  72  23:24  Drone  
  72  23:25  Drone x2  
  75  23:55  Lair  
  75  23:58  Lair  
  75  24:14  Zergling x2  
  75  24:15  Zergling x32  
  73  24:45  Zergling x14  
  51  24:52  Zergling x2  
  51  24:53  Zergling x2  
  32  25:39  Zergling x2  
  32  25:40  Zergling x10  
  32  25:41  Zergling x2  
  32  25:42  Zergling x10  
  44  25:44  Zergling x12  
  50  25:53  Hatchery  
  31  26:19  Drone  
  31  26:20  Drone x2  
  31  26:24  Spawning Pool  
  30  27:15  Zergling x2  
  30  27:16  Zergling x22  
  36  27:26  Zergling x2  
  36  27:27  Zergling x10  
  33  27:33  Queen  
  34  27:39  Overlord x2  
  34  27:40  Overlord  
  29  27:47  Zergling x2  
  29  27:48  Zergling x4  
  34  27:55  Hatchery  
  31  27:58  Hydralisk Den  
  30  28:09  Queen  
  32  28:22  Infestation Pit  
  32  28:25  Zergling x12  
  32  28:26  Zergling x14  
  44  28:45  Hydralisk  
  44  28:46  Hydralisk x5  
  56  28:49  Queen  
  56  28:50  Queen  
  60  29:16  Drone  
  61  29:17  Drone x8  
  56  30:44  Zergling x2  
  56  30:45  Zergling x22  
  64  31:28  Drone  
  64  31:29  Drone x6  
  71  31:46  Extractor  
  70  31:49  Extractor  
  70  31:51  Drone x2  
  70  31:52  Drone  
  37  32:30  Zergling x6  
  37  32:31  Zergling x14  
  47  33:01  Drone  
  47  33:02  Drone x3  
  51  33:18  Overlord x4  
  51  33:19  Overlord  
  51  33:25  Baneling Nest  
  77  34:18  Zergling x2  
  77  34:19  Zergling x8  
  77  34:20  Drone x4  
  86  34:47  Hatchery  
  85  35:18  Burrow  
  85  35:23  Pneumatized Carapace  
  85  35:42  Hatchery  
  80  37:28  Swarm Host x2  
  80  37:29  Swarm Host  
  86  37:30  Swarm Host x22  
  86  37:33  Overlord  
  86  37:36  Overlord  
Show
View Real Time Build Order
Export as new Build Order

Sterling Protoss 

Build Orders: Carriers 

Get SALT Encoding   

  12  0:01  Probe  
  13  0:13  Probe  
  14  0:25  Pylon, Probe  
  15  0:29  Assimilator  
  15  0:47  Gateway  
  15  0:58  Assimilator  
  15  1:00  Probe (Chrono Boost)  
  16  1:10  Probe (Chrono Boost)  
  17  1:15  Probe (Chrono Boost)  
  17  1:16  Pylon  
  18  1:27  Probe (Chrono Boost)  
  19  1:37  Probe (Chrono Boost)  
  19  1:39  Cybernetics Core  
  20  1:42  Probe (Chrono Boost)  
  21  2:05  Pylon  
  21  2:09  Probe  
  22  2:17  Stargate  
  22  2:20  Stargate  
  22  2:21  Probe  
  23  2:34  Stargate  
  27  3:17  Void Ray (Chrono Boost)  
  27  3:31  Void Ray (Chrono Boost)  
  31  4:01  Pylon  
  35  4:03  Void Ray (Chrono Boost)  
  35  4:07  Pylon  
  39  4:26  Void Ray (Chrono Boost)  
  43  5:01  Void Ray  
  43  5:35  Void Ray  
  35  6:44  Void Ray x2  
  39  6:47  Void Ray  
  39  7:06  Probe  
  40  7:18  Probe  
  41  7:29  Void Ray  
  45  7:33  Pylon  
  49  7:46  Void Ray  
  49  8:01  Forge  
  49  8:07  Cybernetics Core  
  49  8:14  Pylon  
  49  8:15  Pylon  
  49  8:28  Nexus  
  49  8:31  Pylon  
  49  8:35  Pylon  
  49  8:39  Photon Cannon  
  49  8:42  Photon Cannon  
  49  8:46  Photon Cannon  
  49  8:59  Shield Battery  
  49  9:03  Photon Cannon  
  53  9:21  Void Ray  
  49  9:44  Fleet Beacon  
  49  9:49  Probe  
  38  10:10  Probe (Chrono Boost)  
  39  10:15  Assimilator  
  39  10:20  Probe (Chrono Boost)  
  40  10:25  Probe (Chrono Boost)  
  41  10:33  Robotics Facility  
  41  10:36  Probe  
  42  10:48  Probe  
  43  11:00  Probe (Chrono Boost)  
  44  11:11  Carrier (Chrono Boost)  
  51  11:12  Probe (Chrono Boost)  
  51  11:18  Probe (Chrono Boost)  
  51  11:20  Carrier (Chrono Boost)  
  58  11:27  Probe  
  59  11:39  Probe  
  66  11:40  Carrier (Chrono Boost)  
  66  11:49  Warp Prism  
  68  12:02  Protoss Air Weapons Level 1 (Chrono Boost)  
  68  12:12  Assimilator  
  68  12:13  Tempest (Chrono Boost)  
  73  12:36  Tempest (Chrono Boost)  
  83  12:56  Tempest (Chrono Boost)  
  83  13:02  Tempest (Chrono Boost)  
  75  14:18  Tempest  
  75  14:19  Tempest  
  75  14:23  Tempest  
  90  14:31  Protoss Air Weapons Level 2  
  84  14:42  Photon Cannon  
  84  14:48  Photon Cannon  
  84  14:51  Pylon  
  84  15:33  Carrier (Chrono Boost)  
  84  15:34  Carrier (Chrono Boost)  
  91  15:55  Unknown  
  91  16:02  Carrier (Chrono Boost)  
  97  16:21  Nexus  
  81  17:17  Carrier  
  87  17:43  Carrier  
  93  17:55  Assimilator  
  93  17:57  Assimilator  
  93  18:13  Probe (Chrono Boost)  
  93  18:14  Nexus  
  94  18:23  Probe (Chrono Boost)  
  94  18:25  Carrier  
  101  18:27  Probe (Chrono Boost)  
  102  18:39  Probe  
  103  18:49  Carrier  
  103  18:51  Probe  
  110  19:25  Protoss Air Weapons Level 3  
  110  19:33  Carrier (Chrono Boost)  
  116  19:44  Assimilator  
  116  19:49  Assimilator  
  91  20:05  Tempest (Chrono Boost)  
  91  20:06  Tempest (Chrono Boost)  
  101  20:20  Probe  
  91  20:33  Tempest (Chrono Boost), Probe  
  85  20:45  Probe  
  63  21:31  Tempest x2  
  68  21:44  Probe  
  69  21:56  Probe  
  70  22:08  Probe  
  71  22:29  Tempest (Chrono Boost)  
  81  22:30  Tempest (Chrono Boost)  
  81  22:31  Tempest (Chrono Boost)  
  86  23:08  Tempest x2 (Chrono Boost)  
  86  23:09  Tempest (Chrono Boost)  
  86  23:12  Protoss Shields Level 1  
  101  23:18  Protoss Air Armor Level 1  
  76  23:42  Carrier (Chrono Boost)  
  25  24:57  Probe (Chrono Boost)  
  27  25:08  Probe (Chrono Boost)  
  27  25:13  Probe (Chrono Boost)  
  28  25:23  Pylon, Probe  
  28  25:24  Pylon  
  29  25:28  Pylon  
  29  25:45  Stargate  
  29  25:48  Stargate  
  29  25:51  Stargate  
  29  26:32  Pylon  
  29  26:34  Pylon  
  29  26:44  Forge, Gateway  
  29  26:50  Shield Battery  
  29  26:52  Gateway  
  29  26:54  Gateway  
  29  27:03  Pylon  
  29  27:17  Pylon  
  29  27:30  Photon Cannon  
  29  27:37  Probe (Chrono Boost)  
  30  27:47  Probe (Chrono Boost)  
  31  27:52  Probe (Chrono Boost)  
  31  27:55  Void Ray (Chrono Boost)  
  36  28:03  Void Ray (Chrono Boost)  
  34  28:38  Photon Cannon  
  34  28:42  Photon Cannon  
  34  28:57  Photon Cannon  
  34  29:04  Photon Cannon  
  34  29:06  Photon Cannon  
  34  29:12  Photon Cannon  
  38  29:35  Void Ray  
  42  29:46  Void Ray  
  11  31:23  Nexus  
  11  31:29  Pylon  
  1  34:11  Shield Battery  
Show
View Real Time Build Order
Export as new Build Order

Chameleon Terran 

Build Orders:  

Get SALT Encoding   

  12  0:00  SCV  
  13  0:12  SCV  
  14  0:17  Supply Depot  
  14  0:24  SCV  
  15  0:39  SCV  
  15  0:41  Barracks  
  16  0:47  Refinery  
  16  0:51  SCV  
  17  1:03  SCV  
  18  1:15  SCV  
  19  1:28  Orbital Command  
  19  1:29  Barracks  
  19  1:33  Barracks Tech Lab  
  19  1:40  Refinery  
  19  1:53  Marauder  
  21  1:54  Supply Depot  
  21  2:01  SCV  
  22  2:13  Bunker, SCV  
  23  2:17  Marauder  
  25  2:24  Factory  
  25  2:26  SCV  
  26  2:30  Barracks Tech Lab  
  26  2:38  SCV, Marauder  
  26  2:43  Engineering Bay  
  29  2:48  Concussive Shells  
  29  2:49  Marine  
  29  2:50  SCV  
  31  3:03  Supply Depot  
  31  3:13  Terran Infantry Weapons Level 1  
  31  3:24  Marine x2  
  33  3:31  Factory  
  33  3:32  Factory Reactor  
  33  3:33  Barracks  
  33  3:42  Marine x2, Combat Shield  
  35  4:01  Supply Depot  
  35  4:02  Marauder x2  
  39  4:08  Supply Depot  
  39  4:21  Factory Tech Lab  
  39  4:23  Marine, Sensor Tower  
  40  4:37  Barracks Reactor  
  40  4:49  Starport  
  40  4:59  Marine x2  
  42  5:00  Command Center  
  42  5:07  Siege Tank  
  45  5:17  Marine x2  
  45  5:20  Marine x2  
  49  5:34  Marine  
  49  5:35  Marauder  
  52  5:38  Marine x2  
  54  5:45  Supply Depot  
  54  5:46  Supply Depot  
  54  6:07  Siege Tank, Marauder x2, Medivac  
  63  6:14  Orbital Command  
  63  6:15  Refinery  
  63  6:18  Medivac  
  65  6:20  Refinery  
  65  6:28  Marine  
  68  6:33  SCV  
  67  6:45  SCV  
  68  6:47  Siege Tank  
  68  6:52  SCV  
  72  6:57  SCV, Medivac  
  75  7:04  SCV  
  76  7:09  SCV  
  76  7:11  Medivac  
  79  7:16  SCV  
  79  7:21  SCV  
  81  7:28  SCV  
  82  7:33  SCV  
  83  7:41  SCV  
  84  7:45  SCV  
  84  7:50  Marine  
  86  7:56  Stimpack  
  86  8:01  Supply Depot  
  86  8:03  Supply Depot, Armory  
  86  8:22  Marine x2, SCV x2, Marauder x2  
  86  8:24  Supply Depot  
  94  8:34  SCV x2  
  94  8:40  Marine x2, Medivac x2  
  102  8:46  Marauder x2  
  102  8:48  Supply Depot  
  106  8:52  Terran Vehicle Weapons Level 1  
  106  8:56  Engineering Bay  
  106  8:58  Marine x2  
  108  9:03  Terran Infantry Weapons Level 2  
  108  9:07  Marauder  
  112  9:10  Marauder  
  112  9:15  Marine  
  108  9:29  Marauder  
  108  9:31  Marauder  
  112  9:43  Medivac x2  
  116  10:13  Medivac  
  118  10:26  Medivac  
  116  10:31  Siege Tank  
  93  10:58  Marine  
  93  10:59  Marine x3  
  93  11:03  Siege Tank  
  93  11:08  Viking x2  
  92  11:16  Marine, Factory Tech Lab  
  92  11:17  Starport, Marine, Marauder x2  
  98  11:28  Barracks, Terran Vehicle Weapons Level 2  
  98  11:30  Terran Infantry Armor Level 1  
  98  11:34  Marine  
  98  11:35  Marine  
  98  11:38  Viking x2  
  98  11:39  Marauder x2  
  108  11:44  Command Center  
  108  11:52  Marine x2  
  108  11:53  Terran Infantry Weapons Level 3  
  110  12:00  Marauder x2, Refinery  
  114  12:02  Refinery  
  114  12:08  Viking x2  
  114  12:10  Barracks  
  114  12:12  Supply Depot  
  114  12:14  Supply Depot  
  115  12:16  Starport Reactor  
  115  12:21  Siege Tank  
  118  12:25  Supply Depot  
  118  12:26  Supply Depot  
  118  12:34  Marauder x2, Siege Tank  
  118  12:35  SCV  
  118  12:36  SCV  
  127  12:38  Viking x2  
  131  12:47  SCV  
  131  12:48  SCV  
  133  12:54  Medivac  
  135  12:59  SCV  
  135  13:00  SCV  
  137  13:08  Medivac x2  
  137  13:10  Orbital Command  
  137  13:11  SCV  
  137  13:12  SCV  
  143  13:23  SCV  
  143  13:24  SCV  
  143  13:26  Marine  
  146  13:28  Barracks Reactor  
  146  13:30  Marine, Marauder x2  
  151  13:36  SCV x2  
  151  13:39  Viking  
  153  13:44  Marine, Terran Ship Weapons Level 1  
  153  13:48  Marine, SCV x2  
  155  13:51  Marauder  
  161  14:02  Marine  
  159  14:03  Viking  
  159  14:04  Viking, Medivac  
  165  14:41  Supply Depot  
  165  14:42  Supply Depot  
  165  14:43  Supply Depot x2  
  165  14:44  Supply Depot  
  165  14:45  Supply Depot  
  165  14:58  Terran Infantry Armor Level 2  
  165  14:59  Hi-Sec Auto Tracking  
  165  15:02  Marine x3  
  165  15:03  Marine, Medivac x2, Viking, Marauder, Siege Tank  
  165  15:04  Marauder, Siege Tank  
  185  15:07  Missile Turret  
  185  15:19  Command Center  
  185  15:20  Marine x2  
  187  15:24  Marine  
  187  15:26  Marauder, Command Center  
  190  15:35  Marine  
  190  15:36  Marine, Siege Tank  
  190  15:38  Marine x2, Terran Vehicle And Ship Armor Level 1  
  190  15:41  Marine  
  198  15:47  Marauder  
  152  16:49  Marine x5  
  152  16:50  Marine  
  158  16:58  Neosteel Armor  
  158  17:02  Armory  
  158  17:07  Marine x6  
  155  17:25  Marine x6  
  137  17:41  Siege Tank x2  
  137  17:42  Marine  
  137  17:43  Marine x5  
  149  17:49  Medivac x4  
  157  17:55  Orbital Command  
  157  17:58  SCV x2  
  158  18:00  Marine  
  158  18:01  Marine x5, SCV  
  166  18:13  Siege Tank x2  
  166  18:18  Marine x3  
  166  18:19  Marine, Marauder x2, Medivac x4  
  188  18:31  Refinery  
  188  18:32  Refinery  
  188  18:36  Marine x4  
  188  18:41  Marauder x2  
  196  18:45  Siege Tank  
  198  18:49  Refinery, Medivac  
  198  18:50  Refinery  
  200  18:55  Planetary Fortress  
  173  19:45  Marine x3  
  174  19:46  Marine x3  
  178  20:03  Marine x3  
  178  20:04  Marine x3  
  184  20:21  Marine x4  
  185  20:22  Marine x2  
  183  20:34  Siege Tank x2  
  186  20:38  Marine  
  186  20:39  Marine x5  
  192  20:56  Marine x2  
  192  20:57  Marine x4  
  191  21:06  Siege Tank  
  181  21:14  Marine x3  
  181  21:15  Marine  
  181  21:16  Marauder x2  
  146  21:32  Marine x3  
  137  21:33  Marine  
  137  21:37  Marauder x2  
  136  21:50  Marine x4  
  136  21:51  Siege Tank x2  
  143  21:58  Marine x2, Medivac x4  
  146  22:07  Marine  
  146  22:08  Marine x3  
  144  22:16  Marine x2  
  145  22:23  Siege Tank  
  145  22:24  Siege Tank  
  145  22:25  Marine x2  
  145  22:26  Marine x2  
  145  22:28  Medivac x4  
  151  22:33  Marine x2  
  151  22:36  Terran Infantry Armor Level 3  
  137  22:38  Terran Vehicle Weapons Level 3, Terran Vehicle And Ship Armor Level 2  
  137  22:43  Marine x2  
  131  22:51  Marine x4  
  131  22:56  Siege Tank x2  
  131  22:58  Medivac x3  
  141  23:01  Marine x2  
  147  23:09  Marine x4  
  151  23:13  Ghost Academy  
  151  23:19  Marine x2  
  150  23:24  SCV  
  151  23:36  SCV, Marauder x2  
  156  23:48  SCV  
  157  23:57  Marauder  
  157  24:00  SCV  
  162  24:13  SCV  
  154  24:52  Siege Tank  
  139  25:24  Siege Tank  
  95  26:34  Siege Tank  
  83  27:06  Siege Tank  
  83  27:38  Siege Tank  
  82  28:32  Command Center  
  82  28:35  Barracks  
  82  28:38  Command Center  
  82  28:39  Supply Depot, Command Center  
  82  28:40  Supply Depot x2  
  82  28:41  Supply Depot x2  
  82  28:42  Supply Depot  
  82  28:45  Supply Depot  
  82  28:47  Orbital Command  
  82  29:04  Command Center  
  82  29:23  Barracks  
  82  29:24  Barracks x2  
  82  29:27  Barracks x2  
  82  29:32  Barracks  
  81  30:16  Barracks Reactor x3  
  81  30:17  Barracks Reactor x2  
  81  30:18  Orbital Command, Barracks Reactor  
  81  30:20  Barracks Reactor  
  81  30:38  Hellion  
  83  30:49  SCV x3  
  88  30:52  Orbital Command  
  88  30:56  Orbital Command  
  87  30:58  Orbital Command  
  87  31:00  Hellion  
  87  31:01  SCV x3  
  90  31:14  SCV  
  91  31:21  Hellion  
  91  31:25  Marine x14  
  93  31:26  SCV  
  107  31:35  SCV x4  
  107  31:36  SCV  
  107  31:38  SCV  
  113  31:42  Marine, Hellion  
  113  31:43  Marine x13  
  129  31:47  SCV x2  
  129  31:50  SCV  
  132  32:00  Marine  
  132  32:01  Marine x13  
  126  32:04  Hellion  
  105  32:18  Marine  
  105  32:19  Marine x5  
  95  32:27  Marine x8  
  89  32:36  Marine x6  
  92  32:45  Marine x8  
  92  32:51  Barracks  
  100  32:54  Marine x6  
  106  33:02  Marine  
  106  33:03  Marine x7  
  87  33:11  Marine  
  87  33:12  Marine x5  
  90  33:16  Starport x2  
  90  33:17  Starport  
  90  33:20  Marine  
  90  33:21  Marine x7, Siege Tank  
  102  33:27  SCV x6  
  102  33:29  Marine  
  102  33:30  Marine x5  
  113  33:38  Marine  
  113  33:39  Marine x6, SCV x5  
  113  33:40  SCV  
  126  33:51  SCV x3  
  126  33:53  Siege Tank  
  132  33:57  Terran Vehicle And Ship Armor Level 3  
  132  34:03  SCV  
  132  34:04  SCV  
  134  34:15  SCV  
  134  34:16  Barracks Reactor  
  131  34:26  Siege Tank  
  131  34:29  Starport Reactor  
  131  34:30  Starport Reactor x2  
  119  34:47  Marine  
  119  34:48  Marine x13  
  133  34:58  Siege Tank  
  130  35:02  SCV  
  130  35:05  Marine x7  
  130  35:06  Marine x7, Medivac  
  142  35:07  Medivac x5  
  142  35:11  Supply Depot  
  142  35:12  Supply Depot, Orbital Command  
  151  35:14  Supply Depot  
  151  35:15  Supply Depot  
  151  35:16  Supply Depot  
  149  35:32  Marine x2  
  149  35:33  SCV, Siege Tank  
  155  35:36  Supply Depot, Medivac  
  155  35:37  Medivac x5  
  155  35:39  Supply Depot x2  
  155  35:40  Supply Depot  
  155  35:42  Supply Depot  
  167  35:45  SCV  
  167  35:46  Marine x6  
  174  35:57  SCV  
  175  36:06  Supply Depot, Medivac  
  175  36:07  Medivac  
  175  36:08  Supply Depot  
  175  36:09  SCV  
  82  36:29  Marine  
  82  36:30  Marine x5  
  75  36:38  Marine x2  
  75  36:39  Marine x4  
  58  36:52  Marine  
  58  36:53  Marine x7  
  66  37:01  Marine x2  
Tags
 
Add a new tag
Caveats
  • Supply blocks, unpowered buildings, or Contaminate may cause inaccurate times.
  • Supply counts are checked every 10 seconds.